 Dungeon Crawl Stone Soup version 0.19-a0-1019-g9c6a58d (webtiles) character file.

4074 Sixotanaka the Carver (level 10, -8/63 HPs)
             Began as a High Elf Skald on July 25, 2016.
             Was a Follower of Cheibriados.
             Mangled by a two-headed ogre
             ... wielding a +0 giant club
              (18 damage)
             ... on level 8 of the Dungeon.
             The game lasted 00:27:52 (11693 turns).

Sixotanaka the Carver (High Elf Skald)             Turns: 11693, Time: 00:27:52

Health: -8/63      AC:  7    Str: 18    XL:     10   Next: 5%
Magic:  14/14      EV: 13    Int: 21    God:    Cheibriados [*.....]
Gold:   422        SH: 13    Dex: 21    Spells: 3 memorised, 7 levels left

rFire  . . .     SeeInvis .     l - +10 sword of Jihad {holy, *Rage rN+ EV+3}
rCold  . . .     Gourm    .     y - +1 leather armour "Qarphioge" {Str+3 Int+2}
rNeg   + . .     Faith    .     n - +0 shield
rPois  .         Spirit   .     T - +0 helmet
rElec  .         Dismiss  .     D - +0 cloak
rCorr  .         Reflect  +     I - +0 pair of gloves
SustAt .         Harm     .     (no boots)
MR     +....     Rnd*Rage +     o - +2 amulet of reflection
Stlth  ++........               (no ring)
                                h - ring of flight

@: very slow, somewhat resistant to hostile enchantments, unstealthy
A: no striking features
a: Bend Time, Renounce Religion, Evoke Flight


You were on level 8 of the Dungeon.
You worshipped Cheibriados.
Cheibriados was aware of your devotion.
You were not hungry.

You visited 2 branches of the dungeon, and saw 9 of its levels.
You also visited: Ossuary.

You collected 422 gold pieces.


   Skills:
 + Level 3.1 Fighting
 - Level 12.1 Long Blades
 - Level 0.8 Armour
 - Level 1.1 Dodging
 + Level 6.4 Shields
 - Level 2.4 Spellcasting
 + Level 9.3 Charms


You had 7 spell levels left.
You knew the following spells:

 Your Spells              Type           Power        Failure   Level  Hunger
a - Shroud of Golubria    Chrm/Tloc      ###.......   14%         2    ##.....
c - Spectral Weapon       Hex/Chrm       ###.....     24%         3    ###....
z - Infusion              Chrm           ####         1%          1    None


Dungeon Overview and Level Annotations

Branches:
Dungeon (8/15)             Temple (1/1) D:7
   Lair: D:8-11

Altars:
Ashenzari
Cheibriados
Dithmenos
Elyvilon
Fedhas
Gozag
Hepliaklqana
Kikubaaqudgha
Makhleb
Nemelex Xobeh
Okawaru
Pakellas
Qazlal
Ru
Sif Muna
Trog
Uskayaw
Vehumet
Xom
Yredelemnul
Zin
The Shining One

Shops:
D:4 :

Inventory:

Hand Weapons
 l - the +10 sword of Jihad (weapon) {holy, *Rage rN+ EV+3}
   (You found it on level 6 of the Dungeon)

   It has been blessed by the Shining One to cause great damage to the undead
   and demons.
   It affects your evasion (+3).
   It protects you from negative energy.
   It may make you go berserk in combat.
 F - a +2 scimitar of slicing
   (You took it off an orc warrior on level 5 of the Dungeon)
Missiles
 f - 66 poisoned needles
 v - 2 javelins (quivered)
 x - 3 curare-tipped needles
Armour
 n - a +0 shield (worn)
   (You found it on level 2 of the Dungeon)
 p - a +0 large shield
   (You found it on level 3 of the Dungeon)
 y - the +1 leather armour "Qarphioge" (worn) {Str+3 Int+2}
   (You found it on level 5 of the Dungeon)

   It affects your strength (+3).
   It affects your intelligence (+2).
 D - a +0 cloak (worn)
   (You found it on level 6 of the Dungeon)
 I - a +0 pair of gloves (worn)
   (You found it on level 6 of the Dungeon)
 T - a +0 helmet (worn)
   (You found it on level 8 of the Dungeon)
Jewellery
 h - a ring of flight (left hand)
   (You found it on level 2 of the Dungeon)
 o - a +2 amulet of reflection (around neck)
   (You took it off a hobgoblin on level 2 of the Dungeon)
 t - an uncursed amulet of faith {!P}
   (You took it off an orc on level 3 of the Dungeon)
Wands
 m - a wand of lightning (4/15)
   (You found it on level 6 of the Dungeon)
 s - a wand of paralysis (9/24)
   (You found it on level 8 of the Dungeon)
 J - a wand of polymorph (3/24)
   (You took it off Pikel on level 6 of the Dungeon)
Scrolls
 i - 3 scrolls of magic mapping
 j - 4 scrolls of fog
 u - 5 scrolls of recharging
 w - 2 scrolls of enchant armour
 K - a scroll of remove curse {@r2}
 L - 6 scrolls of identify {@r1}
 N - a scroll of enchant weapon
 O - a scroll of blinking {unknown}
 P - a scroll of silence {unknown}
 Q - 3 scrolls of teleportation {unknown}
 R - a scroll of immolation {unknown}
Potions
 a - a potion of cure mutation {unknown}
 e - a potion of agility {unknown}
 g - 4 potions of curing {@q1}
 k - 2 potions of haste {unknown}
 z - 3 potions of mutation {!q}
 A - a potion of berserk rage {unknown}
 B - a potion of magic {unknown}
 C - 2 potions of brilliance {unknown}
 E - 2 potions of cancellation {unknown}
 G - a potion of might {unknown}
 H - a potion of resistance {unknown}
 M - a potion of flight {unknown}
 S - a potion of ambrosia {unknown}
Books
 c - a book of Battle
Comestibles
 b - a chunk of flesh
 d - 2 bread rations {@e1}
 q - 10 fruits

.#.....#.#
....<....# #
......(..#.#
#..........#
#......##......
##...#.########
##..........>
####O.######
###@### #.....#
#...[.# #.h
#..≈..# ..
#....[# .
#.....# ###'###
#.#.# #.).#
.####


You could see a two-headed ogre.


Message History

All of the chunks of flesh in your inventory have rotted away.
Things that are here:
a short sword; an orc corpse You butcher the orc corpse.
b - a chunk of flesh You see here a short sword.
There is an open door here.
There is an open door here.
Found an escape hatch in the floor.
Found a stone staircase leading up.
An orc comes into view. It is wielding a whip.
An orc is nearby!
An orc is nearby! 2 orcs come into view.
An orc is wielding a mace of holy wrath.
The orc shouts!
You see here a potion of curing {@q1}.
g - 4 potions of curing {@q1} (gained 1)
A two-headed ogre comes into view.
It is wielding a giant club and a giant spiked club.
The two-headed ogre shouts in stereo!
The orc hits you with a mace of holy wrath.
There is an open door here.
You completely miss the orc. You barely miss the orc.
The orc hits you with a mace of holy wrath.
You slash the orc!
You kill the orc!
Cheibriados appreciates the change of pace.
You hit the orc. The orc hits you with a whip.
You hit the orc.
You kill the orc!
Cheibriados thoroughly appreciates the change of pace.
You barely miss the orc. The orc barely misses you.
Your shield prevents you from hitting the orc.
You hit the orc. The orc closely misses you.
You riposte.
You slash the orc!
You kill the orc!
Cheibriados appreciates the change of pace.
The two-headed ogre hits you with a giant club!!
* * * LOW HITPOINT WARNING * * *
The two-headed ogre hits you with a giant spiked club!
* * * LOW HITPOINT WARNING * * *
There is an open door, spattered with blood here.
Items here: ))) [[ †† You are too injured to fight recklessly!
You are too injured to fight recklessly!
Unknown command.
Okay, then.
You hit the two-headed ogre. You block the two-headed ogre's attack.
The two-headed ogre hits you with a giant spiked club!!
You die...

Vault maps used:
D:1:      minmay_arrival_four_houses, hangedman_decor_clover_reticule,
          minmay_shallow_snake_nest
D:2:      serial_bayou_pond_c, uniq_iyjb
D:3:      nicolae_overflow_crystal_walls, first_bread, serial_bayou,
          serial_bayou_pond_b, serial_bayou_ford_a, serial_bayou_lake_a,
          serial_bayou_pond_c, serial_bayou_lagoon_b, serial_bayou_shore_b
D:4:      serial_shops, shop
D:5:      bloody_trog, ashenzari_altar_1
D:6:      old_standard_altar, nicolae_ossuary_entry_ruins, uniq_edmund,
          uniq_sigmund, uniq_pikel
D:7:      lemuel_coloured_pillars_altar, nicolae_overflow_hidden_temple,
          serial_glass, glass_columns_c, glass_columns_c, uniq_menkaure
D:8:      grunt_pizzeria, kennysheep_generic_room_13, uniq_psyche
Temple:   minmay_temple_bridge_d
Ossuary:  ossuary_due_pyramid

Vanquished Creatures
  A hill giant (D:7)
  Pikel (D:6)
  The ghost of jeffwins the Cudgeler, an amateur OgWz (D:4)
  2 hungry ghosts
  2 hippogriffs
  Menkaure (Ossuary)
  Edmund (D:6)
  3 orc warriors
  3 phantoms
  4 slaves (D:6)
  An ice beast (D:6)
  2 ogres
  A wasp (D:7)
  A centaur (D:6)
  3 giant frogs
  3 scorpions
  4 howler monkeys
  2 crimson imps
  3 orc priests
  A giant frog skeleton (D:6)
  Ijyb (D:2)
  An iguana (D:6)
  5 orc wizards
  5 worker ants
  2 hound zombies
  2 mummies (Ossuary)
  A worker ant zombie (D:6)
  8 adders
  3 gnolls (D:4)
  A shadow imp (D:5)
  3 oozes
  2 adder skeletons (D:6)
  A worm (D:3)
  4 dart slugs
  3 giant geckos
  27 orcs
  7 ball pythons
  5 giant cockroaches
  A gnoll zombie (Ossuary)
  11 goblins
  5 hobgoblins
  7 jackals
  6 quokkas
  3 bats
  A giant gecko skeleton (D:7)
  7 giant newts
  A gnoll skeleton (Ossuary)
  2 goblin skeletons (Ossuary)
  2 hobgoblin skeletons (Ossuary)
  2 hobgoblin zombies (Ossuary)
  A jackal skeleton (D:5)
  4 kobolds
  A kobold skeleton (Ossuary)
  2 kobold zombies (Ossuary)
  2 orc skeletons (Ossuary)
  An orc zombie (Ossuary)
  4 rats
  2 rat skeletons (Ossuary)
  3 rat zombies (Ossuary)
189 creatures vanquished.

Vanquished Creatures (others)
  A mummy (Ossuary)
  A gnoll zombie (Ossuary)
  A gnoll skeleton (Ossuary)
  3 goblin skeletons (Ossuary)
  3 goblin zombies (Ossuary)
  4 hobgoblin skeletons (Ossuary)
  2 hobgoblin zombies (Ossuary)
  4 kobold skeletons (Ossuary)
  4 kobold zombies (Ossuary)
  2 orc skeletons (Ossuary)
  4 orc zombies (Ossuary)
  A rat skeleton (Ossuary)
  2 rat zombies (Ossuary)
32 creatures vanquished.

Grand Total: 221 creatures vanquished

Table legend:
 A = Turns spent in this place as a percentage of turns spent in the entire game.
 B = Non-inter-level travel turns spent in this place as a percentage of non-inter-level travel turns spent in the entire game.
 C = Inter-level travel turns spent in this place as a percentage of turns spent in this place.
 D = Turns resting spent in this place as a percentage of non-inter-level travel turns spent in this place.
 E = Turns spent auto-exploring this place as a percentage of non-inter-level travel turns spent in this place.
 F = Non-inter-level travel turns spent in this place divided by the number of levels of this place that you've seen.
                   A       B       C       D       E      F
               +-------+-------+-------+-------+-------+----------------------
         Total | 100.0 | 100.0 |   0.7 |   9.9 |  11.2 | 281.1
       Dungeon |  92.6 |  92.6 |   0.6 |   9.9 |  12.1 | 325.5
        Temple |   0.3 |   0.2 |  25.0 |   0.0 |  33.3 |   6.0
       Ossuary |   7.1 |   7.2 |   0.0 |   9.5 |   0.0 | 201.0
               +-------+-------+-------+-------+-------+----------------------

Table legend:
 A = Kills in this place as a percentage of kills in entire the game.
 B = Kills by you in this place as a percentage of kills by you in the entire game.
 C = Kills by friends in this place as a percentage of kills by friends in the entire game.
 D = Other kills in this place as a percentage of other kills in the entire game.
 E = Experience gained in this place as a percentage of experience gained in the entire game.
 F = Experience gained in this place divided by the number of levels of this place that you have seen.
                   A       B       C       D       E      F
               +-------+-------+-------+-------+-------+----------------------
         Total | 100.0 | 100.0 |  -nan |  -nan | 100.0 | 582.1
       Dungeon |  92.1 |  92.1 |  -nan |  -nan |  98.5 | 716.9
       Ossuary |   7.9 |   7.9 |  -nan |  -nan |   1.5 |  86.0
               +-------+-------+-------+-------+-------+----------------------

Notes
Turn   | Place    | Note
-------+----------+-------------------------------------------
     0 | D:1      | Sixotanaka the High Elf Skald began the quest for the Orb.
     0 | D:1      | Reached XP level 1. HP: 14/14 MP: 4/4
   104 | D:1      | Reached skill level 3 in Long Blades
   312 | D:1      | Reached XP level 2. HP: 19/19 MP: 6/6
   775 | D:2      | Learned a level 2 spell: Shroud of Golubria
   791 | D:1      | HP: 4/19 [poisoned by an adder]
   798 | D:1      | HP: 3/19 [poisoned by an adder]
   806 | D:1      | HP: 1/19 [poisoned by an adder]
  1095 | D:2      | Reached skill level 4 in Long Blades
  1309 | D:2      | Reached XP level 3. HP: 17/24 MP: 1/7
  1519 | D:2      | Noticed Ijyb
  1532 | D:2      | Killed Ijyb
  1532 | D:2      | Reached skill level 5 in Long Blades
  1683 | D:2      | Reached XP level 4. HP: 29/29 MP: 8/8
  2482 | D:2      | HP: 7/29 [something/magic dart (8)]
  2500 | D:2      | Reached skill level 1 in Shields
  2500 | D:2      | Reached skill level 4 in Charms
  3162 | D:3      | Reached XP level 5. HP: 34/34 MP: 9/9
  3287 | D:3      | Found a burning altar of Makhleb.
  3793 | D:3      | Learned a level 3 spell: Spectral Weapon
  3820 | D:3      | Reached skill level 6 in Long Blades
  4777 | D:4      | Noticed jeffwins's ghost (amateur OgWz)
  5025 | D:5      | Entered Level 5 of the Dungeon
  5059 | D:5      | Found a shattered altar of Ashenzari.
  5073 | D:5      | Reached XP level 6. HP: 37/39 MP: 10/10
  5079 | D:5      | Noticed an orc warrior
  5264 | D:4      | Reached skill level 2 in Shields
  5536 | D:3      | HP: 5/39 [worker ant (5)]
  5538 | D:3      | Reached skill level 7 in Long Blades
  5541 | D:3      | HP: 8/39 [poisoned by a worker ant]
  5547 | D:3      | HP: 6/39 [poisoned by a worker ant]
  5553 | D:3      | HP: 5/39 [poisoned by a worker ant]
  5561 | D:3      | HP: 4/39 [poisoned by a worker ant]
  6216 | D:5      | Found a bloodstained altar of Trog.
  6331 | D:6      | Found a sand-covered staircase.
  6336 | Ossuary  | Entered an ossuary
  6951 | Ossuary  | Noticed Menkaure
  6960 | Ossuary  | Killed Menkaure
  7149 | D:6      | Found a glowing silver altar of Zin.
  7172 | D:6      | HP: 6/39 [iguana (11)]
  7447 | D:4      | Reached skill level 5 in Charms
  7447 | D:4      | Reached XP level 7. HP: 45/45 MP: 11/11
  7698 | D:4      | Killed jeffwins's ghost
  7698 | D:4      | Reached skill level 8 in Long Blades
  7698 | D:4      | Reached skill level 3 in Shields
  8240 | D:4      | Found Velyum's Book Emporium.
  8689 | D:5      | Got a dazzling leather armour
  8700 | D:5      | Identified the +1 leather armour "Qarphioge" {Str+3 Int+2} (You found it on level 5 of the Dungeon)
  8744 | D:5      | Reached skill level 6 in Charms
  8744 | D:5      | Reached XP level 8. HP: 46/50 MP: 4/12
  8747 | D:5      | Reached skill level 9 in Long Blades
  8862 | D:6      | Noticed Edmund
  8862 | D:6      | Noticed Pikel
  9220 | D:6      | Reached skill level 4 in Shields
  9607 | D:6      | Reached skill level 10 in Long Blades
  9817 | D:6      | Killed Edmund
  9817 | D:6      | Reached skill level 7 in Charms
  9909 | D:6      | Killed Pikel
  9909 | D:6      | Reached skill level 5 in Shields
  9909 | D:6      | Reached XP level 9. HP: 54/54 MP: 10/13
  9990 | D:6      | Reached skill level 11 in Long Blades
 10523 | D:7      | Found a shattered altar of Ashenzari.
 10558 | D:7      | Found a staircase to the Ecumenical Temple.
 10567 | Temple   | Entered the Ecumenical Temple
 10662 | Temple   | Became a worshipper of Cheibriados the Contemplative
 10848 | D:7      | Reached skill level 8 in Charms
 10930 | D:7      | Noticed a hill giant
 10945 | D:7      | Killed a hill giant
 10945 | D:7      | Reached skill level 12 in Long Blades
 11058 | D:7      | Found a sacrificial altar of Ru.
 11114 | D:7      | Found a stormy altar of Qazlal.
 11224 | D:7      | Reached * piety under Cheibriados
 11297 | D:7      | Reached skill level 6 in Shields
 11412 | D:8      | Reached skill level 9 in Charms
 11471 | D:8      | HP: 10/55 [orc warrior/short sword (16)]
 11474 | D:8      | Reached skill level 3 in Fighting
 11474 | D:8      | Reached XP level 10. HP: 48/63 MP: 14/14
 11692 | D:8      | HP: 10/63 [two-headed ogre/giant club (17)]
 11693 | D:8      | Mangled by a two-headed ogre

Action                   |  1- 3 |  4- 6 |  7- 9 | 10-12 || total
-------------------------+-------+-------+-------+-------++-------
Melee: Falchion          |    74 |   294 |       |       ||   368
       Eudemon blade     |       |    42 |   220 |    14 ||   276
Throw: Javelin           |       |     4 |     1 |       ||     5
 Cast: Infusion          |     5 |    17 |    10 |       ||    32
       Shroud of Golubri |     3 |     1 |     2 |       ||     6
       Spectral Weapon   |       |       |     1 |       ||     1
  Use: Potion            |       |     3 |     3 |       ||     6
       Scroll            |       |     7 |     8 |       ||    15
 Stab: Sleeping          |       |     1 |     1 |       ||     2
       Distracted        |       |     1 |       |       ||     1
  Eat: Chunk             |     1 |    11 |    17 |     1 ||    30
       Beef jerky        |     1 |       |     3 |       ||     4
       Meat ration       |       |     1 |       |       ||     1
       Bread ration      |       |     1 |       |       ||     1
       Pizza             |       |     1 |       |       ||     1
Armor: Leather armour    |    10 |    53 |     9 |     1 ||    73
       Skin              |       |    11 |       |       ||    11
Dodge: Dodged            |    44 |    93 |    44 |     2 ||   183
Block: Shield            |       |    73 |    73 |     1 ||   147
       Reflection        |       |       |     1 |       ||     1
